 Dungeon Crawl Stone Soup version 0.29-a0-375-g5102b3be25 (webtiles) character file.

Game seed: 10964206868847115619

2036 happo123 the Ruffian (level 9, -14/89 HPs)
             Began as a Troll Berserker on May 3, 2022.
             Was a Priest of Trog.
             Demolished by an orc warrior
             ... wielding a +0 battleaxe
              (18 damage)
             ... on level 6 of the Dungeon.
             The game lasted 00:32:53 (4183 turns).

happo123 the Ruffian (Troll Berserker)              Turns: 4183, Time: 00:32:54

Health: -14/89     AC:  8    Str: 31    XL:     9   Next: 4%
Magic:  8/8        EV: 11    Int:  3    God:    Trog [***...]
Gold:   237        SH:  0    Dex: 11    Spells: 8/8 levels left

rFire   . . .      SeeInvis +   o - +5 mace "Orb Guardian's Curse" {holy, rCorr Dex+2 SInv}
rCold   . . .      Faith    .   (no shield)
rNeg    . . .      Spirit   .   e - +0 steam dragon scales
rPois   .          Reflect  .   (helmet restricted)
rElec   .          Harm     .   n - +0 cloak
rCorr   +          Rampage  .   (gloves unavailable)
Will    ++...                   (boots unavailable)
Stlth   +.........              (no amulet)
HPRegen 2.04/turn               (no ring)
MPRegen 0.11/turn               (no ring)

@: strong-willed, on berserk cooldown, regenerating, slowed, very slow
A: large, unfitting armour, claws 3, regeneration 1, shaggy fur 1, tough skin 1
a: Renounce Religion, Berserk, Trog's Hand


You were on level 6 of the Dungeon.
You worshipped Trog.
Trog was most pleased with you.
You visited 1 branch of the dungeon, and saw 6 of its levels.

You collected 307 gold pieces.
You spent 70 gold pieces at shops.

Inventory:

Hand Weapons
 m - a +4 quarterstaff of chaos
 o - the +5 mace "Orb Guardian's Curse" (weapon) {holy, rCorr Dex+2 SInv}
   (You found it on level 2 of the Dungeon)

   It has been blessed by the Shining One to cause great damage to the undead
   and demons.
   Dex:       It affects your dexterity (+2).
   SInv:      It lets you see invisible.
   rCorr:     It protects you from acid and corrosion.
 x - a +1 vampiric whip
Missiles
 c - 13 poisoned darts (quivered)
 y - a throwing net
Armour
 a - a +0 animal skin
 e - +0 steam dragon scales (worn)
 n - a +0 cloak (worn)
Wands
 i - a wand of digging (4)
 s - a wand of iceblast (4)
Scrolls
 g - a scroll of teleportation {unknown}
 h - a scroll of immolation {unknown}
 k - 2 scrolls of enchant weapon
 q - a scroll of vulnerability
 t - 2 scrolls of torment {unknown}
 u - a scroll of amnesia {unknown}
 w - a scroll of blinking {unknown}
 z - 3 scrolls of brand weapon
 A - a scroll of identify
 B - a scroll of noise {unknown}
 C - a scroll of poison {unknown}
Potions
 b - 3 potions of curing
 d - a potion of attraction {unknown}
 f - 2 potions of cancellation
 j - 2 potions of heal wounds {unknown}
 l - a potion of resistance
 p - a potion of might {unknown}
 r - a potion of mutation {unknown}
 v - a potion of ambrosia {unknown}


   Skills:
 + Level 6.2 Fighting
 + Level 6.2 Dodging
 + Level 7.4 Unarmed Combat


You had 8 spell levels left.
You didn't know any spells.
Your spell library was empty.

Dungeon Overview and Level Annotations

Branches:
Dungeon (6/15)
 Temple: D:4-7

Altars:

Shops:
D:2 *   D:3 (


Innate Abilities, Weirdness & Mutations

You are too large for most types of armour.
You have claws for hands.
Your natural rate of healing is unusually fast.
You are covered in fur. (AC +1)
You have tough skin. (AC +1)


Message History

You kill the orc!
Trog accepts your kill.
The orc warrior hits you with a +0 battleaxe!
An orc comes into view. It is wielding a +0 whip.
The orc wizard casts a spell.
The orc wizard flickers and vanishes!
Deactivating autopickup; reactivate with Ctrl-A.
The orc warrior barely misses you. The ice beast hits you.
The ice beast freezes you!
You don't know any spells.
Reactivating autopickup.
You feel agile.
The +5 mace "Orb Guardian's Curse" {holy, rCorr Dex+2 SInv} softly glows with a divine radiance!
o - the +5 mace "Orb Guardian's Curse" (weapon)
{holy, rCorr Dex+2 SInv} The ice beast hits you but does no damage.
The orc warrior closely misses you.
Your skin crawls.
You feel strong-willed.
The ice beast hits you but does no damage.
You closely miss the ice beast. The orc warrior barely misses you.
The ice beast barely misses you.
The orc warrior hits you with a +0 battleaxe.
The ice beast misses you.
You sock the ice beast!
The ice beast is heavily wounded.
The ice beast hits you. The ice beast freezes you!
The orc priest calls down the wrath of Beogh upon you.
Beogh smites you!
* * * LOW HITPOINT WARNING * * *
The orc warrior hits you with a +0 battleaxe.
* * * LOW HITPOINT WARNING * * *
The ice beast hits you but does no damage.
You hit the ice beast.
The ice beast is severely wounded.
The ice beast hits you.
* * * LOW HITPOINT WARNING * * *
The ice beast freezes you!
* * * LOW HITPOINT WARNING * * *
The orc warrior hits you with a +0 battleaxe!!
You die...

#.... .. ... #....
.. ##... #.... .#
....> #.... ##.
#... #.... #..
#... ... #.# ..#
#.###)##oo#
#####.<##.#ooo#
<..........@Y#...#
...........###
#....
.............# #..
#######.##.#.# .
#.##.#... #....#
#.# ###... .# #.#
.


You could see an orc warrior, an ice beast, an orc priest, an orc wizard
(invisible) and 2 orcs.

Vanquished Creatures
  The ghost of oldmanjim the Cleaver, a novice HOFi (D:4)
  Sigmund (D:5)
  2 steam dragons
  An orc warrior (D:6)
  A black bear (D:4)
  4 ogres
  2 scorpions
  A jelly (D:5)
  A hound (D:5)
  3 orc priests
  A gnoll shaman (D:6)
  5 orc wizards
  Crazy Yiuf (D:2)
  10 gnolls
  5 adders
  A worm (D:5)
  3 dart slugs
  16 orcs
  9 ball pythons
  12 endoplasms
  A giant cockroach (D:1)
  2 goblins
  5 hobgoblins
  7 jackals (D:4)
  5 quokkas
  7 bats
  3 frilled lizards (D:1)
  5 kobolds
  7 rats
122 creatures vanquished.

Vanquished Creatures (others)
  An adder (D:4)
  An orc (D:3)
  A jackal (D:4)
3 creatures vanquished.

Grand Total: 125 creatures vanquished

Notes
Turn   | Place    | Note
-------+----------+-------------------------------------------
     0 | D:1      | happo123 the Troll Berserker began the quest for the Orb.
     0 | D:1      | Reached XP level 1. HP: 22/22 MP: 0/0
   117 | D:1      | Reached XP level 2. HP: 29/29 MP: 1/1
   401 | D:1      | You fall into a shaft and drop 1 floor!
   439 | D:1      | Reached XP level 3. HP: 35/36 MP: 2/2
   551 | D:1      | Reached ** piety under Trog
   958 | D:2      | Identified the +0 leather armour of Hymug {Will+ MP+9}
  1205 | D:2      | Reached XP level 4. HP: 43/45 MP: 3/3
  1306 | D:2      | Found Seonuala's General Store.
  1354 | D:2      | Bought a scroll of identify for 28 gold pieces
  1354 | D:2      | Bought a potion of curing for 42 gold pieces
  1416 | D:2      | Found a runed translucent door.
  1417 | D:2      | Noticed Crazy Yiuf
  1422 | D:2      | Killed Crazy Yiuf
  1427 | D:2      | Identified the +5 mace "Orb Guardian's Curse" {holy, rCorr
                  | Dex+2 SInv}
  1828 | D:3      | Reached skill level 4 in Unarmed Combat
  1828 | D:3      | Reached XP level 5. HP: 50/53 MP: 4/4
  1844 | D:3      | Found a faded altar of an unknown god.
  2020 | D:3      | Found Ejomuati's Antique Weapon Emporium.
  2433 | D:4      | Reached *** piety under Trog
  2491 | D:4      | Reached XP level 6. HP: 62/62 MP: 5/5
  2597 | D:4      | Noticed oldmanjim's ghost (novice HOFi)
  2600 | D:4      | Noticed a steam dragon
  2617 | D:4      | Found a runed translucent gate.
  2617 | D:4      | Found a runed translucent gate.
  2619 | D:4      | Found a runed translucent gate.
  2684 | D:4      | Reached skill level 5 in Unarmed Combat
  2797 | D:4      | Reached XP level 7. HP: 12/70 MP: 6/6
  3207 | D:4      | Killed oldmanjim's ghost
  3208 | D:4      | Reached skill level 5 in Fighting
  3208 | D:4      | Reached skill level 5 in Dodging
  3208 | D:4      | Reached skill level 6 in Unarmed Combat
  3208 | D:4      | Reached XP level 8. HP: 41/80 MP: 0/7
  3308 | D:5      | Entered Level 5 of the Dungeon
  3321 | D:5      | Noticed Sigmund
  3336 | D:5      | Killed Sigmund
  3769 | D:5      | Reached skill level 7 in Unarmed Combat
  4159 | D:6      | Reached XP level 9. HP: 89/89 MP: 8/8
  4183 | D:6      | HP: 4/89 [ice beast (13)]
  4183 | D:6      | Demolished by an orc warrior

Illustrated notes

Levels and vault maps discovered:
D:1:      psy_arrival_radial02, layout_basic, minmay_pentomino_t4
D:2:      layout_basic, serial_shops, shop_statue,
          chequers_serial_rivers_small_b, uniq_crazy_yiuf_cottage
D:3:      layout_loops_ring, serial_shops, shop,
          chequers_ecumenical_altar_island
D:4:      layout_basic, gammafunk_ghost_split, dk_rats_in_the_wall
D:5:      layout_basic, chequers_serial_rivers_small_a, minmay_misc_feat_room,
          uniq_sigmund
D:6:      layout_rooms, nicolae_hepliaklqana_monster_ancestors,
          minmay_temple_entry_large_hall

Skill      XL: |  1  2  3  4  5  6  7  8 |
---------------+-------------------------+-----
Dodging        | 3 4 5 6 |  6.2
Fighting       | 3 4 5 6 |  6.2
Unarmed Combat | 4 5 6 7 |  7.4

Action                   |  1- 3 |  4- 6 |  7- 9 || total
-------------------------+-------+-------+-------++-------
Melee: Unarmed           |   102 |    15 |       ||   117
       Punch             |     1 |     2 |       ||     3
       Quarterstaff      |       |    85 |   110 ||   195
       Mace              |       |     5 |    11 ||    16
Throw: Dart              |     2 |       |       ||     2
Invok: Berserk           |     1 |     2 |     3 ||     6
       Trog's Hand       |       |       |     2 ||     2
  Use: Scroll            |       |     4 |     4 ||     8
       Potion            |       |       |     2 ||     2
 Stab: Sleeping          |       |     1 |       ||     1
Armor: Animal skin       |    42 |    35 |    26 ||   103
       Steam dragon scal |       |       |    33 ||    33
Dodge: Dodged            |    46 |    39 |    93 ||   178

Table legend: (Time is in decaauts)
 A = Elapsed time spent in this place.
 B = Non-inter-level travel time spent in this place.
 C = Inter-level travel time spent in this place.
 D = Time resting spent in this place.
 E = Time spent auto-exploring this place.
 F = Levels seen in this place.
 G = Mean time per level.
                   A        B        C        D        E       F      G
               +--------+--------+--------+--------+--------+-----+--------+
         Total |   4277 |   3747 |    530 |    305 |   2521 |   6 |  712.8 |
       Dungeon |   4277 |   3747 |    530 |    305 |   2521 |   6 |  712.8 |
               +--------+--------+--------+--------+--------+-----+--------+

Top non-repeatable levels by time:
     D:4: 952 daAuts
     D:1: 917 daAuts
     D:5: 861 daAuts
     D:2: 795 daAuts
     D:3: 704 daAuts
     D:6: 46 daAuts
